 Dungeon Crawl Stone Soup version 0.18-a0-1-gfac8111 (webtiles) character file.

59 SlimeFever the Chiller (level 3, 0/24 HPs)
             Began as a Demonspawn Ice Elementalist on Oct 30, 2015.
             Slain by a rat (2 damage)
             ... on level 2 of the Dungeon.
             The game lasted 00:12:05 (1301 turns).

SlimeFever the Chiller (DsIE)                       Turns: 1301, Time: 00:12:05

Health: 0/24       AC:  2    Str:  8    XL:     3   Next: 78%
Magic:  4/7        EV: 12    Int: 16    God:
Gold:   62         SH:  0    Dex: 14    Spells: 2 memorised, 4 levels left

rFire  . . .     SeeInvis .     n - +0 spear
rCold  . . .     Clarity  .     a - +0 robe
rNeg   . . .     SustAt   +     (no shield)
rPois  .         Gourm    .     (no helmet)
rElec  .         Spirit   .     (no cloak)
rCorr  .         Warding  .     (no gloves)
rMut   .         Stasis   .     (no boots)
MR     .....                    (no amulet)
Stlth  ++........               (no ring)
                                i - ring of sustain attributes

@: about to teleport, not resistant to hostile enchantments, unstealthy
A: powered by death 1
a: no special abilities


You were on level 2 of the Dungeon.
You were not hungry.

You visited 1 branch of the dungeon, and saw 2 of its levels.

You collected 62 gold pieces.

Inventory:

Hand Weapons
 n - a +0 spear (weapon)
Missiles
 k - 32 poisoned needles
 l - 17 bolts
 o - 10 sling bullets
 r - 205 stones (quivered)
Armour
 a - a +0 robe (worn)
 f - a +0 leather armour
Jewellery
 i - a ring of sustain attributes (left hand)
Scrolls
 h - a scroll of remove curse
 j - a scroll of magic mapping {unknown}
 s - a scroll of identify {unknown}
Potions
 e - a potion of brilliance {unknown}
 m - a potion of magic {unknown}
Books
 b - a book of Frost

   Spells                             Type                      Level
   a - Freeze                         Ice                          1
   b - Throw Frost                    Conjuration/Ice              2
   c - Ozocubu's Armour               Charms/Ice                   3
   d - Throw Icicle                   Conjuration/Ice              4
   e - Summon Ice Beast               Ice/Summoning                4
   f - Condensation Shield            Ice                          4
Comestibles
 c - 3 bread rations
 d - a royal jelly
 p - 2 beef jerkies


   Skills:
 + Level 1.9 Dodging
 + Level 2.1 Stealth
 + Level 2.7 Spellcasting
 + Level 1.0 Conjurations
 * Level 3.6 Ice Magic


You had 4 spell levels left.
You knew the following spells:

 Your Spells              Type           Power        Failure   Level  Hunger
a - Freeze                Ice            ##..         6%          1    #......
b - Throw Frost           Conj/Ice       #.....       14%         2    ##.....


Dungeon Overview and Level Annotations

Branches:
Dungeon (2/15)

Altars:


Innate Abilities, Weirdness & Mutations

You regenerate a little health from kills.


Message History

You hit the rat.
The rat is severely wounded.
The giant cockroach bites you but does no damage.
The rat bites you.
* * * LOW HITPOINT WARNING * * *
The giant cockroach bites you but does no damage.
Found a beef jerky.
As you read the scroll of teleportation, it crumbles to dust.
You feel strangely unstable. The rat bites you.
* * * LOW HITPOINT WARNING * * *
The giant cockroach misses you.
The goblin shouts!
The goblin unwields an uncursed club.
The goblin wields a hunting sling.
The goblin shoots a stone.
The stone barely misses you.
You see here a stone.
The giant cockroach bites you but does no damage.
The goblin shoots a stone.
The stone barely misses you. The rat bites you.
* * * LOW HITPOINT WARNING * * *
The rat bites you.
You die...

#...........####
###########.# #.#
#.# #.# #.#
##########.#
####..........#####
#(@....#####......#
#.rs...# #......#
#(!....# #......#
#.w....# #......#
#......# #......#
#......# #......+
#......# #....!.#
#.g....# .......#
#...%..# .......#


You could see a worm, a giant cockroach, a goblin and a rat.

Vanquished Creatures
  3 adders (D:2)
  2 worms (D:2)
  5 hobgoblins
  2 kobolds (D:1)
  A quokka (D:2)
  6 bats
  2 giant cockroaches
  6 goblins
  2 rats
29 creatures vanquished.

Notes
Turn   | Place    | Note
--------------------------------------------------------------
     0 | D:1      | SlimeFever the Demonspawn Ice Elementalist began the quest for the Orb.
     0 | D:1      | Reached XP level 1. HP: 13/13 MP: 3/3
   369 | D:1      | Gained mutation: You regenerate a little health from kills. [demonic ancestry]
   369 | D:1      | Reached XP level 2. HP: 10/19 MP: 0/5
   378 | D:1      | Learned a level 2 spell: Throw Frost
   602 | D:1      | Reached skill level 3 in Ice Magic
   827 | D:2      | Reached XP level 3. HP: 21/24 MP: 0/6
  1301 | D:2      | Slain by a rat

Vault maps used:
D:1:      sevenhm_arrival_forest_fort_large_4, roderic_three_in_a_row,
          minmay_tree_intersection, minivault_26
D:2:      first_bread

Action                   || total
-------------------------++-------
Melee: Short sword       ||    21
       Spear             ||    37
 Cast: Freeze            ||    46
       Throw Frost       ||     5
  Use: Scroll            ||     6
 Stab: Sleeping          ||     2
       Distracted        ||     1
  Eat: Meat ration       ||     1
